 Dungeon Crawl Stone Soup version 0.18.1-50-g88ac8fd (webtiles) character file.

66 KarmaPolice the Caller (level 4, 16/21 HPs)
             Began as a Vine Stalker Summoner on Sept 21, 2016.
             Quit the game on level 3 of the Dungeon.
             The game lasted 00:09:57 (2284 turns).

KarmaPolice the Caller (Vine Stalker Summoner)      Turns: 2284, Time: 00:09:58

Health: 16/21      AC:  2    Str: 11    XL:     4   Next: 15%
Magic:  4/10       EV: 12    Int: 16    God:
Gold:   64         SH:  0    Dex: 14    Spells: 2 memorised, 7 levels left

rFire  . . .     SeeInvis .     (no weapon)
rCold  . . .     Gourm    .     a - +0 robe
rNeg   . . .     Faith    .     (no shield)
rPois  .         Spirit   +     (no helmet)
rElec  .         Dismiss  .     (no cloak)
rCorr  .         Reflect  .     (no gloves)
SustAt .         Harm     .     (no boots)
MR     .....                    (no amulet)
Stlth  ++........               (no ring)
                                (no ring)

@: not resistant to hostile enchantments, unstealthy
A: fangs 2, regeneration 1, magic shield, antimagic bite, no device heal 3, rot
immunity
a: no special abilities


You were on level 3 of the Dungeon.
You were not hungry.

You visited 1 branch of the dungeon, and saw 3 of its levels.

You collected 64 gold pieces.

Inventory:

Armour
 a - a +0 robe (worn)
Jewellery
 q - an uncursed ring of ice {unknown}
 t - an uncursed amulet of magic regeneration {unknown}
 v - an uncursed ring of resist corrosion {unknown}
Scrolls
 e - a scroll of fog {unknown}
 g - a scroll of random uselessness {unknown}
 i - a scroll of remove curse {unknown}
 j - 2 scrolls of magic mapping {unknown}
 l - a scroll of recharging {unknown}
 m - 3 scrolls of identify {unknown}
 r - a scroll of teleportation {unknown}
 s - a scroll of enchant weapon {unknown}
 x - a scroll of fear {unknown}
Potions
 f - 2 potions of agility {unknown}
 k - a potion of brilliance {unknown}
 n - a potion of heal wounds {unknown}
 o - a potion of curing {unknown}
 u - a potion of cancellation {unknown}
Books
 b - a book of Callings

   Spells                             Type                      Level
   a - Summon Small Mammal            Summoning                    1
   b - Call Imp                       Summoning                    2
   c - Call Canine Familiar           Summoning                    3
   d - Summon Guardian Golem          Hexes/Summoning              3
   e - Summon Lightning Spire         Summoning/Air                4
   f - Summon Ice Beast               Ice/Summoning                4
Comestibles
 c - 3 bread rations
 d - 6 fruits
 h - 3 beef jerkies
 p - a royal jelly


   Skills:
 - Level 1.5 Dodging
 - Level 2.4 Stealth
 + Level 3.5 Spellcasting
 + Level 4.8 Summonings


You had 7 spell levels left.
You knew the following spells:

 Your Spells              Type           Power        Failure   Level  Hunger
a - Summon Small Mammal   Summ           ###.         2%          1    None
b - Call Imp              Summ           ###.....     4%          2    ##.....


Dungeon Overview and Level Annotations

Branches:
Dungeon (3/15)

Altars:
Ashenzari
Kikubaaqudgha
Okawaru
Vehumet
Yredelemnul


Innate Abilities, Weirdness & Mutations

You have extremely sharp teeth.
Your natural rate of healing is unusually fast.
When hurt, damage is shared between your health and your magic reserves.
Your bite disrupts and absorbs the magic of your enemies.
Potions and wands cannot restore your health.
You are immune to rotting.


Message History

Your crimson imp disappears in a puff of smoke!
The gnoll hits your crimson imp with a flail.
Your crimson imp hits the gnoll but does no damage.
Casting: Call Imp
Confirm with . or Enter, or press ? or * to list all spells.
You don't have enough magic to cast that spell.
The gnoll hits your crimson imp with a flail!
Your crimson imp blinks!
The gnoll hits your crimson imp but does no damage.
Your crimson imp closely misses the gnoll.
The gnoll hits your crimson imp with a flail!
Your crimson imp dies!
You open the door.
There is an open door here.
You close the door.
A gnoll opens the door.
There is an open door here.
Quiver which item? (- for none, * to show all) (? for menu, Esc to quit)
Okay, then.
Are you sure you want to abandon this character and quit the game? (Confirm with "yes".)

## ####.## #.# #.....# .# #.# #.#
##...## ## #.# #.# ##..# # ##'##
#.# ##.# # ##..g## #.# #.# #
##....g## ###.### #.### #
##.......## ##.#...# #.#.#
###.......g.####..[##.#######....
..+.........gg..@................
###.........####...##..#.###.....
##.......## ##..##..#.# #.....
##.....## #..##..#.# #...#.
##...## #..#...#.# #####. ##'##
#..#.#.#.# #. #######.####
#..#.#.#.# #. ...#.......#
#........# #. ##)#.##.##.#
##.##### #.


You could see 3 gnolls.

Vanquished Creatures
  A giant gecko (D:2)
  2 bats
  A giant cockroach (D:1)
  5 goblins
  2 hobgoblins (D:1)
  A giant newt (D:1)
  A kobold (D:1)
  5 rats (D:2)
18 creatures vanquished.

Vanquished Creatures (collateral kills)
  An iguana (D:3)
  2 adders (D:3)
  2 worms (D:2)
  A dart slug (D:2)
  4 orcs (D:3)
  3 ball pythons (D:2)
  2 bats (D:2)
  A goblin (D:1)
  6 hobgoblins
  3 kobolds
  A giant newt (D:1)
26 creatures vanquished.

Grand Total: 44 creatures vanquished

Notes
Turn   | Place    | Note
--------------------------------------------------------------
     0 | D:1      | KarmaPolice the Vine Stalker Summoner began the quest for the Orb.
     0 | D:1      | Reached XP level 1. HP: 9/9 MP: 4/4
   184 | D:1      | Reached XP level 2. HP: 12/13 MP: 1/6
   188 | D:1      | Learned a level 2 spell: Call Imp
  1035 | D:2      | Found a shattered altar of Ashenzari.
  1038 | D:2      | Found a basalt altar of Yredelemnul.
  1059 | D:2      | Reached XP level 3. HP: 11/16 MP: 2/8
  1466 | D:2      | Found an ancient bone altar of Kikubaaqudgha.
  1471 | D:2      | Found a radiant altar of Vehumet.
  1475 | D:2      | Found an iron altar of Okawaru.
  2062 | D:3      | Reached XP level 4. HP: 21/21 MP: 3/10
  2284 | D:3      | Quit the game

Skill      XL: |  1  2 |
---------------+-------+-----
Spellcasting   | 3 |  3.5
Dodging        | |  1.5
Stealth        | |  2.4
Summonings     | |  4.8

Action                   |  1- 3 |  4- 6 || total
-------------------------+-------+-------++-------
Melee: Unarmed           |   105 |       ||   105
       Bite              |    26 |       ||    26
 Cast: Summon Small Mamm |    10 |       ||    10
       Call Imp          |    35 |     4 ||    39
 Stab: Sleeping          |     4 |       ||     4
  Eat: Chunk             |     5 |     1 ||     6
Armor: Robe              |    28 |       ||    28
Dodge: Dodged            |    90 |     3 ||    93
